 Dungeon Crawl Stone Soup version 0.31-a0-986-g5e6e4ef867 (webtiles) character file.

Game seed: 9823014812172059884

2673 jasper the Fighter (level 9, 0/74 HPs)
             Began as a Human Wanderer on Nov 10, 2023.
             Was an Initiate of Gozag.
             Slain by a vampire (1 damage)
             ... on level 6 of the Dungeon.
             The game lasted 00:10:09 (6167 turns).

jasper the Fighter (Human Wanderer)                 Turns: 6167, Time: 00:10:10

Health: 0/74       AC: 11    Str: 13    XL:     9   Next: 95%
Magic:  12/12      EV: 14    Int: 14    God:    Gozag
Gold:   771        SH:  6    Dex: 18    Spells: 12/12 levels left

rFire   + . .        h - +3 whip (heavy)
rCold   . . .        d - +0 buckler
rNeg    . . .        v - +3 ring mail {rF+}
rPois   .            r - +2 helmet {Int+3}
rElec   .            (no cloak)
rCorr   .            (no gloves)
SInv    .            (no boots)
Will    .....        (no amulet)
Stlth   +            (no ring)
HPRegen 0.32/turn    (no ring)
MPRegen 0.13/turn

%: no passive effects
@: about to teleport, studying Throwing
A: no striking features
a: Renounce Religion, Potion Petition, Call Merchant, Bribe Branch


You were on level 6 of the Dungeon.
You worshipped Gozag.
Gozag was pleased with you.
You visited 1 branch of the dungeon, and saw 7 of its levels.

You collected 961 gold pieces.
You spent 142 gold pieces at shops.
You paid 48 gold pieces to Gozag.

Inventory:

Hand Weapons
 a - a +0 dagger
 h - a +3 heavy whip (weapon)
Missiles
 g - 8 boomerangs
 m - 62 stones (quivered)
Armour
 c - a +0 leather armour
 d - a +0 buckler (worn)
 e - a +0 helmet
 i - a +0 ring mail
 r - a +2 helmet of intelligence (worn)
 v - a +3 ring mail of fire resistance (worn)
Jewellery
 j - an amulet of magic regeneration
Wands
 f - a wand of roots (5)
Scrolls
 b - a scroll of vulnerability
 l - a scroll of teleportation
 n - a scroll of fog
Potions
 k - a potion of brilliance
 p - a potion of cancellation
 u - a potion of magic
 w - a potion of attraction
 x - 4 potions of resistance


   Skills:
 + Level 8.2 Fighting
 - Level 8.0 Dodging
 - Level 4.5 Shields
 + Level 4.3 Unarmed Combat
 - Level 2.0 Spellcasting
 - Level 2.0 Hexes
 - Level 2.0 Necromancy


You had 12 spell levels left.
You didn't know any spells.
Your spell library contained the following spells:

 Spells                   Type           Power      Damage    Failure   Level
 Slow                     Hex            28%        N/A       30%         1
 Kiss of Death            Conj/Necr      16%        2d6       41%         1
 Jinxbite                 Hex            14%        N/A       41%         2
 Freeze                   Ice            4%         1d3       56%         1
 Confusing Touch          Hex            7%         N/A       65%         3
 Sigil of Binding         Hex            7%         N/A       65%         3
 Vampiric Draining        Necr           7%         2d6       65%         3
 Scorch                   Fire           2%         2d5       71%         2
 Call Canine Familiar     Summ           1%         N/A       90%         3
 Frozen Ramparts          Ice            2%         1d1       90%         3
 Hailstorm                Conj/Ice       1%         3d3       90%         3
 Dimensional Bullseye     Hex/Tloc       2%         N/A       99%         4
 Leda's Liquefaction      Hex/Erth       2%         N/A       99%         4
 Flame Wave               Conj/Fire      1%         2d4       100%        4
 Summon Ice Beast         Ice/Summ       1%         N/A       100%        4
 Summon Mana Viper        Hex/Summ       4%         N/A       100%        5
 Summon Cactus Giant      Summ           0%         N/A       100%        6
 Monstrous Menagerie      Summ           0%         N/A       100%        7


Dungeon Overview and Level Annotations

Branches:
Dungeon (7/15)             Temple (0/1) D:5

Altars:
Gozag
Wu Jian

Shops:
D:1 [   D:2 (

Annotations:
D:7 Maggie


Message History

You kill the kobold!
The kobold is no longer distracted by gold.
The kobold brigand closely misses you. x2
Items here: $ ( )).
The kobold closely misses you. x2
The kobold zaps a wand.
The puff of flame hits something but does no damage.
There is a stone staircase leading down here.
Something hits you. Something bites you.
* * * LOW HITPOINT WARNING * * *
Something draws strength from your injuries!
You climb downwards.
Level annotation: Maggie Reactivating autopickup.
The killer bee buzzes angrily. x2; You hear an angry buzzing noise. x2
There is a stone staircase leading up here.
You take 11 damage, and have 19/74 hp.
You start resting.
Something hits you!
* * * LOW HITPOINT WARNING * * *
Deactivating autopickup; reactivate with Ctrl-A.
Something bites you.
* * * LOW HITPOINT WARNING * * *
Something draws strength from your injuries!
You take 10 damage, and have 9/74 hp.
Okay, then.
Something hits you.
* * * LOW HITPOINT WARNING * * *
Something bites you!
* * * LOW HITPOINT WARNING * * *
Something draws strength from your injuries!
You climb upwards.
Reactivating autopickup.
The kobold brigand throws a curare-tipped dart.
The curare-tipped dart misses you.
There is a stone staircase leading down here.
You take 8 damage, and have 1/74 hp.
As you read the scroll of teleportation, it crumbles to dust.
You feel strangely unstable. The kobold misses you. Something hits you.
You die...
Your body crumbles into a pile of gold.

## #.# #. #...h.........#
# #.# #.#
#.#.#.#####.##### #.# #.#
#..>## #.# ####.#### #.#
##.## #.# ......V.# #.#
#.# #.#
####.##.#####.#####.# #$#
#.#.<.........##.# #.#
#.#..............# #.#
#.#...####.##@##########.#
#.........K.KK..)........#
#........####K############
##.......$K...#
..############ ###


You could see a kobold brigand and 3 kobolds.

Vanquished Creatures
  4 humans (D:6)
  A water moccasin (D:6)
  3 black bears (D:6)
  3 ice beasts
  An orc warrior (D:7)
  A phantom (D:6)
  A kobold brigand (D:6)
  2 scorpions (D:5)
  5 wights (D:6)
  A vampire bat (D:4)
  5 howler monkeys
  4 hounds
  A jelly (D:6)
  An orc priest (D:5)
  A sleepcap (D:5)
  4 iguanas
  An orc wizard (D:5)
  3 gnolls (D:5)
  8 adders
  3 worms
  3 dart slugs
  3 fire bats (D:4)
  22 orcs
  2 spectral bats (D:4)
  3 bat skeletons (D:4)
  A bat zombie (D:4)
  15 endoplasms
  4 giant cockroaches
  4 goblins
  5 hobgoblins
  2 jackals (D:1)
  9 kobolds
  6 ball pythons
  14 bats
  A bat simulacrum (D:4)
  A frilled lizard (D:1)
  3 rats (D:2)
151 creatures vanquished.

Notes
Turn   | Place    | Note
-------+----------+-------------------------------------------
     0 | D:1      | jasper the Human Wanderer began the quest for the Orb.
     0 | D:1      | jasper set off with the following items: a +0 dagger, a
                  | scroll of vulnerability, a +0 leather armour, a +0 buckler;
                  | and the following spells available to memorise: Slow, Kiss
                  | of Death, Jinxbite, Confusing Touch, Vampiric Draining.
     0 | D:1      | Reached XP level 1. HP: 13/13 MP: 3/3
   129 | D:1      | Reached XP level 2. HP: 15/20 MP: 5/5
   244 | D:1      | Reached skill level 1 in Fighting
   494 | D:1      | Reached XP level 3. HP: 23/26 MP: 6/6
   542 | D:1      | Found Zoih's Antique Armour Shop.
  1246 | D:2      | Found Doojah's Weapon Boutique.
  1814 | D:3      | Found an opulent altar of Gozag.
  1837 | D:3      | Became a worshipper of Gozag Ym Sagoz the Greedy
  1887 | D:3      | Reached XP level 4. HP: 33/33 MP: 7/7
  2086 | D:1      | Bought a runed helmet for 142 gold pieces
  2297 | D:3      | Found a faded altar of an unknown god.
  2741 | D:4      | Reached XP level 5. HP: 34/39 MP: 8/8
  3184 | D:4      | Reached XP level 6. HP: 42/47 MP: 9/9
  3493 | D:5      | Entered Level 5 of the Dungeon
  3647 | D:5      | Noticed an ice beast
  3670 | D:5      | Reached XP level 7. HP: 53/53 MP: 10/10
  3732 | D:5      | Reached skill level 5 in Dodging
  3732 | D:5      | Reached XP level 8. HP: 44/61 MP: 11/11
  3931 | D:5      | Reached skill level 5 in Fighting
  4091 | D:5      | Found a staircase to the Ecumenical Temple.
  4978 | D:6      | Found an ornate altar of the Wu Jian Council.
  5002 | D:6      | Noticed a vampire
  5151 | D:7      | Noticed Maggie
  5423 | D:6      | Reached XP level 9. HP: 53/71 MP: 12/12
  5451 | D:6      | Reached skill level 1 in Unarmed Combat
  6165 | D:7      | HP: 1/74 [something (8)]
  6167 | D:6      | Slain by a vampire

Illustrated notes

Levels and vault maps discovered:
D:1:      doesnt_arrival_eight_statues, layout_basic, serial_shops,
          nicolae_shop_waterfront, corexii_corridor_pit, kennysheep_flooded_box
D:2:      layout_basic, serial_shops, shop
D:3:      layout_loops_ring, nicolae_gozag_cash_rules_everything_around_me,
          shapermc_ecumenical_altar_flowoftime, serial_aquarium,
          aquarium_bridge_square [aquarium_subvault_bridge,
          aquarium_subvault_window, aquarium_subvault_bridge,
          aquarium_subvault_wall], aquarium_bridge_island_small
          [aquarium_subvault_small_open, aquarium_subvault_window,
          aquarium_subvault_bridge, aquarium_subvault_bridge,
          aquarium_subvault_bridge], aquarium_window_1, aquarium_window_3,
          aquarium_view_2f, nicolae_elevator_lobby_asterisk
D:4:      layout_cave_pools, serial_bayou_pond_d, goddamned_bats
D:5:      layout_rooms, minmay_temple_entry_waves, minmay_manual_macuahuitl
D:6:      layout_loops_ring, nicolae_wu_jian_glorious_leap,
          gup_sewer_entry_pipe, minmay_ruffians
D:7:      layout_layer_cave, gammafunk_temple_overflow_wave,
          gammafunk_ghost_hive, uniq_maggie

Skill      XL: |  1  2  3  4  5  6  7  8  9 |
---------------+----------------------------+-----
Fighting       | 1 2 3 4 6 8 |  8.2
Dodging        | 3 4 5 7 8 |  8.0
Shields        | 3 4 |  4.5
Unarmed Combat | 4 |  4.3
Spellcasting   | |  2.0
Hexes          | |  2.0
Necromancy     | |  2.0

Action                     |  1- 3 |  4- 6 |  7- 9 || total
---------------------------+-------+-------+-------++-------
  Melee: Dagger            |    43 |       |       ||    43
         Whip              |   116 |   146 |   273 ||   535
         Unarmed           |       |     5 |    36 ||    41
  Throw: Dart              |       |       |    13 ||    13
         Stone             |       |       |     1 ||     1
  Evoke: Wand              |       |       |     5 ||     5
    Use: Scroll            |     7 |     6 |     8 ||    21
         Potion            |       |     1 |     3 ||     4
   Stab: Distracted        |       |       |     1 ||     1
         Invisible         |       |       |     1 ||     1
 Armour: Leather armour    |    52 |       |       ||    52
         Ring mail         |    36 |   169 |   295 ||   500
         Skin              |       |    18 |    63 ||    81
  Dodge: Dodged            |    97 |   134 |   252 ||   483
  Block: Buckler           |    47 |    64 |   126 ||   237

Table legend: (Time is in decaauts)
 A = Elapsed time spent in this place.
 B = Non-inter-level travel time spent in this place.
 C = Inter-level travel time spent in this place.
 D = Time resting spent in this place.
 E = Time spent auto-exploring this place.
 F = Levels seen in this place.
 G = Mean time per level.
                   A        B        C        D        E       F      G
               +--------+--------+--------+--------+--------+-----+--------+
         Total |   6555 |   6289 |    266 |    513 |   3767 |   7 |  936.4 |
       Dungeon |   6555 |   6289 |    266 |    513 |   3767 |   7 |  936.4 |
               +--------+--------+--------+--------+--------+-----+--------+

Top non-repeatable levels by time:
     D:6: 1749 daAuts
     D:3: 1051 daAuts
     D:5: 991 daAuts
     D:2: 935 daAuts
     D:4: 886 daAuts
     D:1: 779 daAuts
     D:7: 162 daAuts
